[Event "12. Int. Neckar-Open A-Open"]
[Site "Deizisau, Germany"]
[Date "2008.03.21"]
[Round "2.1"]
[White "Schmitz, Thorsten"]
[Black "Fedorchuk, Sergey"]
[Result "0-1"]
[ECO "A05"]
[WhiteElo "2258"]
[BlackElo "2652"]
[PlyCount "82"]
[EventDate "2008.??.??"]
[TimeControl "7200"]

1. Nf3 Nf6 2. g3 b5 3. Bg2 Bb7 4. O-O e6 5. d3 Be7 6. e4 d6 7. Nbd2 O-O 8. Re1
c5 9. c3 Nc6 10. d4 cxd4 11. Nxd4 Qb6 12. Nxc6 Bxc6 13. b3 Nd7 14. Nf3 e5 15.
Be3 Qb7 16. Nd2 f5 17. f3 fxe4 18. fxe4 Nc5 19. Bxc5 dxc5 20. Qg4 Rf6 21. Nf1
c4 22. Ne3 Bc5 23. Kh1 Bxe3 24. Rxe3 cxb3 25. axb3 a5 26. Qe2 Qf7 27. b4 a4 28.
Rf3 Rxf3 29. Bxf3 Rd8 30. Ra3 Bd7 31. Kg2 g6 32. Ra1 Be6 33. Qxb5 Rd2+ 34. Be2
Bc4 35. Qb8+ Qf8 36. Qxf8+ Kxf8 37. Rxa4 Rxe2+ 38. Kf3 Rxh2 39. Ra7 Rc2 40.
Rxh7 Rxc3+ 41. Kg4 Bf7 0-1